 Dungeon Crawl Stone Soup version 0.28.0 (webtiles) character file.

Game seed: 8484357002586635397

222 freelancePsychic the Caller (level 5, -5/24 HPs)
             Began as a Spriggan Summoner on Feb 12, 2022.
             Was an Initiate of Dithmenos.
             Killed by divine providence
             ... invoked by an orc priest
              (11 damage)
             ... on level 6 of the Dungeon.
             The game lasted 00:11:48 (5075 turns).

freelancePsychic the Caller (Spriggan Summoner)     Turns: 5075, Time: 00:11:49

Health: -5/24      AC:  2    Str:  4    XL:     5   Next: 66%
Magic:  11/12      EV: 17    Int: 18    God:    Dithmenos [......]
Gold:   113        SH:  0    Dex: 16    Spells: 5/12 levels left

rFire   + . .      SeeInvis +   b - +0 dagger
rCold   . . .      Faith    .   (no shield)
rNeg    . . .      Spirit   .   a - +0 robe
rPois   .          Reflect  .   (helmet restricted)
rElec   .          Harm     .   (no cloak)
rCorr   .          Rampage  .   (gloves unavailable)
Will    .....                   (boots unavailable)
Stlth   ++........              (no amulet)
HPRegen 0.08/turn               e - ring of protection from fire
MPRegen 0.13/turn               (no ring)

@: very quick
A: very small, no large weapons, unfitting armour, see invisible, speed 3
a: Renounce Religion


You were on level 6 of the Dungeon.
You worshipped Dithmenos.
Dithmenos was noncommittal.
You visited 2 branches of the dungeon, and saw 8 of its levels.

You collected 163 gold pieces.
You spent 50 gold pieces at shops.

Inventory:

Hand Weapons
 b - a +0 dagger (weapon)
Armour
 a - a +0 robe (worn)
Jewellery
 e - a ring of protection from fire (left hand)
 i - a ring of magical power
Scrolls
 f - 2 scrolls of magic mapping
 h - 2 scrolls of vulnerability
 k - a scroll of blinking {unknown}
Potions
 c - a potion of curing {unknown}
 d - a potion of might {unknown}
 g - a potion of heal wounds {@q2}
 j - a potion of magic {unknown}


   Skills:
 - Level 2.6 Dodging
 - Level 3.1 Stealth
 + Level 4.2 Spellcasting
 + Level 3.0 Hexes
 * Level 4.7 Summonings


You had 5 spell levels left.
You knew the following spells:

 Your Spells              Type           Power      Damage    Failure   Level
a - Summon Small Mammal   Summ           80%        N/A       1%          1
b - Call Canine Familiar  Summ           20%        N/A       6%          3
c - Summon Guardian Gole  Hex/Summ       17%        N/A       9%          3

Your spell library contained the following spells:

 Spells                   Type           Power      Damage    Failure   Level
 Call Imp                 Summ           20%        N/A       3%          2
 Animate Skeleton         Necr           6%         N/A       14%         1
 Pain                     Necr           12%        1d4       14%         1
 Conjure Flame            Conj/Fire      3%         6-21      41%         3
 Ignite Poison            Fire/Tmut/Pois 3%         N/A       41%         3
 Vampiric Draining        Necr           3%         2d6       41%         3
 Summon Lightning Spire   Summ/Air       12%        N/A       47%         4
 Animate Dead             Necr           1%         N/A       82%         4
 Sticky Flame             Conj/Fire      3%         2d3       82%         4
 Haunt                    Necr/Summ      6%         N/A       100%        7
 Infestation              Necr           1%         N/A       100%        8


Dungeon Overview and Level Annotations

Branches:
Dungeon (7/15)             Temple (1/1) D:5

Altars:
Dithmenos
Elyvilon
Fedhas
Gozag
Hepliaklqana
Nemelex Xobeh
Okawaru
Ru
Uskayaw
Wu Jian
Xom
Yredelemnul
Zin

Shops:
D:3 *   D:4 (

Annotations:
D:4 3 runed translucent doors, croobank's ghost, amateur GrWr
D:6 Eustachio


Innate Abilities, Weirdness & Mutations

You are very small and have problems with some larger weapons.
You are too small for most types of armour.
You have supernaturally acute eyesight. (SInv)
You cover ground extremely quickly. (Speed+++)


Message History

Magic restored.
HP restored.
k - a scroll labelled LITAMA MEAFRUES
Found a stone staircase leading down.
Eustachio the Magnificent comes into view.
He is wielding a +0 falchion.
Found 15 gold pieces.
Found a stone staircase leading up.
Unknown command.
There is a stone staircase leading down here.
Found 30 stones.
Eustachio shouts!
You hear a shout!
There is a stone staircase leading up here.
Casting: Call Canine Familiar (quite dangerous; 6% risk of failure)
Confirm with . or Enter, or press ? or * to list all spells.
The spell is quite dangerous to miscast (9% risk of failure)!
Continue anyway?
You miscast Summon Guardian Golem.
You are very lightly contaminated with residual magic.
Nothing appears to happen.
A centaur comes into view.
Unknown command.
Unknown command.
Unknown command.
Eustachio gestures wildly while chanting.
Eustachio blinks!
You swap places.
The centaur wields a +0 shortbow.
The centaur shoots an arrow.
The arrow hits you!
Ouch! That really hurt!
The centaur shoots an arrow.
The arrow hits your hound!
Eustachio mumbles some strange words.
The centaur shoots an arrow.
The arrow hits you!
* * * LOW HITPOINT WARNING * * *
Found an escape hatch in the floor.
Your magical contamination has completely faded away. 2 wights come into view.
A wight is wielding a +5 dagger of freezing.
The orc priest shouts!
You hear a shout! x2
Something misses your hound.
You hear a shout!
The orc priest invokes the aid of Beogh against you.
Beogh smites you!
You die...

#.. ### #.. #### ###.... ..
..#### #.......... .....#
#.#..... #.#. #.##.#
#.#.##.#..#.. #.##.# ##
#.#.##.#.# #.######.##.###.
#.#.##..#####h.b..........r
#....#.#o<@..###.##>##.####
#............# #.##.##.#
##...#.##...## #.##.##.#
##..............##.##.#
##.#..###.............#
#.....# #.#####.#.zz###
#..#.## #.# #.#... #oo#.#
#.# #..#.####.#


You could see an orc priest, a bat (summoned) and a friendly hound (summoned).

Vanquished Creatures
  A phantom (D:6)
  2 adders (D:3)
  3 ball pythons
  2 hobgoblins
  A bat (D:3)
  A frilled lizard (D:2)
  A rat (D:2)
11 creatures vanquished.

Vanquished Creatures (collateral kills)
  A bullfrog zombie (D:5)
  A hound (D:5)
  An adder (D:5)
  4 worms
  2 dart slugs (D:2)
  4 orcs
  3 endoplasms
  2 giant cockroaches (D:2)
  4 goblins
  3 hobgoblins
  A ball python (D:2)
  A frilled lizard (D:2)
  3 kobolds
  A rat (D:2)
31 creatures vanquished.

Grand Total: 42 creatures vanquished

Notes
Turn   | Place    | Note
-------+----------+-------------------------------------------
     0 | D:1      | freelancePsychic the Spriggan Summoner began the quest for
                  | the Orb.
     0 | D:1      | Reached XP level 1. HP: 9/9 MP: 5/5
   318 | D:2      | Reached XP level 2. HP: 3/13 MP: 0/6
   580 | D:2      | Reached skill level 1 in Hexes
  2110 | D:3      | Reached XP level 3. HP: 16/16 MP: 4/8
  2307 | D:3      | Found a faded altar of an unknown god.
  2333 | D:3      | Found Zobbaqiz's General Store.
  2334 | D:3      | Identified the +8 flail "Spiderslayer" {spect, rN+ Int+2}
  2343 | D:3      | Bought a potion of heal wounds for 50 gold pieces
  2421 | D:3      | Learned a level 3 spell: Call Canine Familiar
  2453 | D:3      | Learned a level 3 spell: Summon Guardian Golem
  2650 | D:3      | Identified the +1 pair of gloves "Yczicu Jaokk" {Harm *Slow
                  | rC+ Str+2}
  2708 | D:4      | Found a runed translucent gate.
  2709 | D:4      | Found a runed translucent gate.
  2709 | D:4      | Found a runed translucent gate.
  2710 | D:4      | Noticed croobank's ghost (amateur GrWr)
  3383 | D:4      | Found Lumaf's Antique Weapon Shop.
  3407 | D:4      | Reached XP level 4. HP: 19/21 MP: 8/10
  3556 | D:5      | Entered Level 5 of the Dungeon
  3556 | D:5      | Found a staircase to the Ecumenical Temple.
  3917 | D:5      | You fall into a shaft and drop 2 floors!
  4009 | D:5      | Reached XP level 5. HP: 24/24 MP: 8/11
  4084 | Temple   | Entered the Ecumenical Temple
  4118 | Temple   | Became a worshipper of Dithmenos the Shadowed
  4898 | D:6      | Noticed a phantom
  4934 | D:6      | Killed a phantom
  5044 | D:6      | Noticed Eustachio
  5049 | D:6      | Noticed a centaur
  5075 | D:6      | Killed from afar by an orc priest

Illustrated notes

Levels and vault maps discovered:
D:1:      minmay_arrival_checkered_box, layout_loops_ring, minivault_25
D:2:      layout_basic
D:3:      layout_loops_ring, chequers_ecumenical_altar_grove, serial_shops,
          shop, minmay_fractal_squares_5
D:4:      layout_gridville, gammafunk_ghost_necromancy, serial_shops, shop
D:5:      layout_loops_cross, temple_fountains, grunt_ministairs_12,
          hangedman_minor_gate_pass
D:6:      layout_loops_ring, uniq_eustachio
D:7:      layout_basic, ebering_ghost_reflecting_pool
Temple:   regret_index_temple_sigil_plot

Skill      XL: |  1  2  3  4  5 |
---------------+----------------+-----
Spellcasting   | 3 4 |  4.2
Hexes          | 1 2 3 |  3.0
Summonings     | 4 |  4.7
Dodging        | |  2.6
Stealth        | |  3.1

Action                   |  1- 3 |  4- 6 || total
-------------------------+-------+-------++-------
Melee: Dagger            |    56 |    12 ||    68
       Unarmed           |     1 |       ||     1
 Cast: Summon Small Mamm |    82 |     4 ||    86
       Call Canine Famil |       |    10 ||    10
       Summon Guardian G |       |     3 ||     3
  Use: Scroll            |     2 |       ||     2
 Stab: Sleeping          |     4 |     2 ||     6
       Distracted        |       |     1 ||     1
Armor: Robe              |    10 |     2 ||    12
Dodge: Dodged            |    55 |    10 ||    65
